 Dungeon Crawl Stone Soup version 0.28.0-43-g3370ac3207 (webtiles) character file.

Game seed: 607252335174411961

1 jimonade the Gusty (level 1, 0/13 HPs)
             Began as a Gnoll Wanderer on Mar 13, 2022.
             Slain by a jackal (2 damage)
             ... on level 1 of the Dungeon.
             The game lasted 00:02:35 (39 turns).

jimonade the Gusty (Gnoll Wanderer)                   Turns: 39, Time: 00:02:36

Health: 0/13       AC:  2    Str: 11    XL:     1   Next: 20%
Magic:  5/6        EV: 10    Int: 11    God:
Gold:   0          SH:  5    Dex: 11    Spells: 8/9 levels left

rFire   . . .      SeeInvis .   a - +0 club
rCold   . . .      Faith    .   c - +0 buckler
rNeg    . . .      Spirit   .   b - +0 robe
rPois   .          Reflect  .   (no helmet)
rElec   .          Harm     .   (no cloak)
rCorr   .          Rampage  .   (no gloves)
Will    .....                   (no boots)
Stlth   ++........              (no amulet)
HPRegen 0.04/turn               (no ring)
MPRegen 0.10/turn               (no ring)

@: very slightly contaminated
A: fangs 1, strong nose, distributed training
a: no special abilities


You were on level 1 of the Dungeon.
You visited 1 branch of the dungeon, and saw 1 of its levels.

Inventory:

Hand Weapons
 a - a +0 club (weapon)
Armour
 b - a +0 robe (worn)
 c - a +0 buckler (worn)


   Skills:
 + Level 0.0 Fighting
 + Level 0.0 Short Blades
 + Level 0.0 Long Blades
 + Level 0.0 Axes
 + Level 0.0 Maces & Flails
 + Level 0.0 Polearms
 + Level 0.0 Staves
 + Level 0.0 Slings
 + Level 0.0 Bows
 + Level 0.0 Crossbows
 + Level 0.0 Throwing
 + Level 0.0 Armour
 + Level 0.0 Dodging
 + Level 2.1 Stealth
 + Level 4.4 Shields
 + Level 0.0 Unarmed Combat
 + Level 4.8 Spellcasting
 + Level 0.0 Conjurations
 + Level 0.0 Hexes
 + Level 0.0 Summonings
 + Level 0.0 Necromancy
 + Level 0.0 Translocations
 + Level 3.6 Transmutations
 + Level 0.0 Fire Magic
 + Level 0.0 Ice Magic
 + Level 5.3 Air Magic
 + Level 0.0 Earth Magic
 + Level 0.0 Poison Magic
 + Level 0.0 Invocations
 + Level 0.0 Evocations


You had 8 spell levels left.
You knew the following spells:

 Your Spells              Type           Power      Damage    Failure   Level
a - Sting                 Tmut/Pois      24%        1d4       13%         1

Your spell library contained the following spells:

 Spells                   Type           Power      Damage    Failure   Level
 Shock                    Conj/Air       32%        1d5       10%         1
 Corpse Rot               Necr/Air       16%        N/A       14%         2
 Spider Form              Tmut/Pois      6%         N/A       36%         3
 Summon Lightning Spire   Summ/Air       8%         N/A       67%         4


Dungeon Overview and Level Annotations

Branches:
Dungeon (1/15)

Altars:


Innate Abilities, Weirdness & Mutations

You have very sharp teeth.
Your uncanny sense of smell can sniff out nearby items.
Your experience applies equally to all skills.


Message History

The jackal misses you. The jackal bites you.
You closely miss the jackal. The jackal closely misses you.
The jackal barely misses you.
You closely miss the jackal. The jackal bites you.
The jackal bites you but does no damage.
You closely miss the jackal. The jackal bites you.
The jackal bites you but does no damage.
You hit the jackal.
The jackal is severely wounded.
The jackal closely misses you. You block the jackal's attack.
You barely miss the jackal.
The jackal is severely wounded.
The jackal stops to sniff the ground.
The jackal bites you. You block the jackal's attack.
You are too injured to fight recklessly!
You are too injured to fight recklessly!
You are too injured to fight recklessly!
Casting: Sting (safe; 13% risk of failure)
Confirm with . or Enter, or press ? or * to list all spells.
Aiming: Sting (safe; 13% risk of failure)
Press: ? - help, Shift-Dir - straight line, f - jackal
Aim: a jackal (severely wounded, 60% to hit)
You miscast Sting.
You are very lightly contaminated with residual magic.
Nothing appears to happen.
The jackal closely misses you.
You are too injured to fight recklessly!
You barely miss the jackal.
The jackal is severely wounded.
You block the jackal's attack.
A rat comes into view.
The jackal bites you.
You hit the jackal but do no damage.
The jackal is severely wounded.
The jackal bites you.
* * * LOW HITPOINT WARNING * * *
The jackal completely misses you.
You hit the jackal but do no damage.
The jackal is severely wounded.
The jackal bites you.
You die...

....# ### ...^#
##.## >..#
##...##...#
##..≈..##..#
######.......#..#
#<..............#
########+#####†.#
#..h@.# ##.#### ∆
... #.... #....
#...h #.... #≈≈≈≈


You could see a jackal.

Vanquished Creatures
  A jackal (D:1)
1 creature vanquished.

Notes
Turn   | Place    | Note
-------+----------+-------------------------------------------
     0 | D:1      | jimonade the Gnoll Wanderer began the quest for the Orb.
     0 | D:1      | jimonade set off with the following items: a +0 club, a +0
                  | robe, a +0 buckler; and the following spells available to
                  | memorise: Shock, Sting, Corpse Rot, Spider Form, Summon
                  | Lightning Spire
     0 | D:1      | Reached XP level 1. HP: 13/13 MP: 6/6
    17 | D:1      | Learned a level 1 spell: Sting
    39 | D:1      | Slain by a jackal

Illustrated notes

Levels and vault maps discovered:
D:1:      amcnicky_arrival_feature_with_door, layout_rooms,
          minmay_crystal_water, lexackson_kobold_supper

Action                   || total
-------------------------++-------
Melee: Club              ||    15
Armor: Robe              ||     4
Dodge: Dodged            ||    12
Block: Buckler           ||     6
